 Dungeon Crawl Stone Soup version 0.27.0-1-g7a08968 (webtiles) character file.

Game seed: 15899013869636749422

1735 Host24 the Quickloader (level 9, 0/57 HPs)
             Began as a Kobold Hunter on Jan 25, 2022.
             Was an Initiate of Dithmenos.
             Succumbed to a killer bee's poison
             ... on level 6 of the Dungeon.
             The game lasted 00:27:47 (9202 turns).

Host24 the Quickloader (Kobold Hunter)              Turns: 9202, Time: 00:27:48

Health: 0/57       AC:  4    Str: 10    XL:     9   Next: 25%
Magic:  9/9        EV: 15    Int: 13    God:    Dithmenos [......]
Gold:   347        SH:  6    Dex: 17    Spells: 8/8 levels left

rFire    + . .     SeeInvis .   v - +2 dagger (venom)
rCold    + . .     Faith    .   t - +2 buckler
rNeg     . . .     Spirit   +   c - +0 leather armour
rPois    +         Reflect  .   (helmet restricted)
rElec    +         Harm     .   j - +0 cloak
rCorr    +         Rampage  .   (no gloves)
Will     +....                  (no boots)
Stlth    +++.......             h - amulet of guardian spirit
HPRegen  0.19/turn              y - ring of willpower
MPRegen  0.11/turn              (no ring)

@: mighty, brilliant, lethally poisoned (0 -> -7), resistant, hasted, very quick
A: small, no large weapons, nightstalker 3, beak
a: Renounce Religion


You were on level 6 of the Dungeon.
You worshipped Dithmenos.
Dithmenos was noncommittal.
You visited 2 branches of the dungeon, and saw 8 of its levels.

You collected 347 gold pieces.

Inventory:

Hand Weapons
 a - a +1 hand crossbow
 q - a +0 hunting sling
 s - a +0 arbalest
 v - a +2 dagger of venom (weapon)
 w - a +1 short sword of electrocution
 J - a +0 shortbow
Missiles
 d - 25 bolts
 e - 218 stones (quivered)
 o - 16 poisoned darts
 p - 8 atropa-tipped darts
 r - 48 arrows
Armour
 c - a +0 leather armour (worn)
 j - a +0 cloak (worn)
 l - a +0 chain mail
 t - a +2 buckler (worn)
Jewellery
 h - an amulet of guardian spirit (around neck)
 y - a ring of willpower (left hand)
Wands
 B - a wand of flame (11)
 D - a wand of polymorph (7)
 G - a wand of iceblast (8)
 K - a wand of digging (6)
Scrolls
 f - 2 scrolls of magic mapping
 z - a scroll of holy word
 F - a scroll of fog {unknown}
 L - a scroll of enchant weapon {unknown}
Potions
 i - 3 potions of mutation
 k - 2 potions of attraction
 n - a potion of flight {unknown}
 u - a potion of lignification {unknown}


   Skills:
 - Level 7.0 Fighting
 - Level 5.1 Short Blades
 - Level 9.0 Crossbows
 + Level 2.5 Armour
 - Level 5.0 Dodging
 - Level 4.0 Stealth


You had 8 spell levels left.
You didn't know any spells.
Your spell library contained the following spells:

 Spells                   Type           Power      Damage    Failure   Level
 Passwall                 Tmut/Erth      0%         N/A       71%         2
 Gell's Gravitas          Tloc           0%         N/A       90%         3
 Ozocubu's Armour         Ice            0%         N/A       90%         3
 Swiftness                Air            0%         N/A       90%         3
 Teleport Other           Tloc           0%         N/A       90%         3
 Metabolic Englaciation   Hex/Ice        0%         N/A       100%        5
 Dispersal                Tloc           0%         N/A       100%        6
 Invisibility             Hex            0%         N/A       100%        6
 Simulacrum               Ice/Necr       0%         N/A       100%        6


Dungeon Overview and Level Annotations

Branches:
Dungeon (7/15)             Temple (1/1) D:6

Altars:
Ashenzari
Dithmenos
Elyvilon
Fedhas
Makhleb
Okawaru
Trog
Vehumet

Shops:
D:1 ![(   D:5 (

Annotations:
D:6 Duvessa, Pikel


Innate Abilities, Weirdness & Mutations

You are small and have problems with some larger weapons.
You are completely attuned to the shadows.
You have a beak for a mouth.


Message History

You closely miss the killer bee. The killer bee misses you.
You hit the killer bee.
The killer bee is poisoned.
You peck the killer bee, but do no damage.
The killer bee is lightly wounded.
The killer bee stings you.
You closely miss the killer bee. You peck the killer bee.
The killer bee is moderately wounded.
The killer bee stings you but does no damage.
You closely miss the killer bee.
The killer bee is moderately wounded.
The killer bee stings you.
* * * LOW HITPOINT WARNING * * *
You are poisoned.
The killer bee poisons you!
It was a potion of might.
You feel very mighty all of a sudden.
You feel sick. The killer bee misses you. You block the killer bee's attack.
You hit the killer bee.
The killer bee looks even sicker.
The killer bee is severely wounded.
The killer bee stings you.
* * * LOW HITPOINT WARNING * * *
You are lethally poisoned!
The killer bee poisons you!
Unknown command.
* * * LOW HITPOINT WARNING * * *
You feel sick.
You kill the killer bee!
Dithmenos accepts your kill.
It was a potion of brilliance.
You feel clever all of a sudden.
* * * LOW HITPOINT WARNING * * *
You feel sick. The killer bee stings you.
* * * LOW HITPOINT WARNING * * *
It was a potion of magic.
Magic courses through your body.
* * * LOW HITPOINT WARNING * * *
You feel sick. The killer bee misses you. You block the killer bee's attack.
Okay, then.
It was a potion of resistance.
You feel protected.
You die...

..# #.....## ###..#
###....... ..# ##....##
##....####......###
..####.....##
#......#......###
...##..###..###...........###
..#..### ##..#.....<....###
.#..## ##..##......### #..##
##........## .### ##.....###
## ##.@### #### # ##y# #...
#.## ### ###. #..# ##.### ##
##># #....### #
##.###......## #
#.#.##.......# #
#.#.##.......# #
#.#.#........# #


You could see a killer bee.

Vanquished Creatures
  Sigmund (D:4)
  2 black bears (D:4)
  2 centaurs (D:6)
  3 ogres
  3 lemures
  A wyvern zombie (D:6)
  2 scorpions
  A water moccasin zombie (D:5)
  A killer bee (D:6)
  2 centaur zombies (D:7)
  4 hounds
  A jelly (D:5)
  A bullfrog skeleton (D:6)
  2 orc priests
  Ijyb (D:5)
  3 iguanas
  3 orc wizards
  A howler monkey zombie (D:5)
  3 gnolls (D:2)
  A howler monkey skeleton (D:6)
  4 adders
  3 shadow imps
  An ufetubus (D:5)
  5 worms
  3 dart slugs
  11 orcs
  8 ball pythons
  2 bats
  4 endoplasms
  A giant cockroach (D:4)
  5 hobgoblins
  3 jackals (D:1)
  8 quokkas
  4 frilled lizards
  4 goblins
  3 kobolds (D:4)
  3 rats (D:2)
110 creatures vanquished.

Vanquished Creatures (others)
  2 plants (D:2)
2 creatures vanquished.

Grand Total: 112 creatures vanquished

Notes
Turn   | Place    | Note
-------+----------+-------------------------------------------
     0 | D:1      | Host24 the Kobold Hunter began the quest for the Orb.
     0 | D:1      | Reached XP level 1. HP: 12/12 MP: 1/1
    98 | D:1      | Reached skill level 5 in Crossbows
   408 | D:1      | Reached XP level 2. HP: 16/17 MP: 2/2
   482 | D:1      | Found Izaem's Armour Shop.
   693 | D:1      | Found Niskitam's Distillery.
   749 | D:1      | Found Juomilew's Weapon Shoppe.
  1122 | D:1      | Reached XP level 3. HP: 21/21 MP: 3/3
  1746 | D:2      | Reached XP level 4. HP: 28/28 MP: 4/4
  2215 | D:2      | Noticed an ogre
  3109 | D:3      | Reached XP level 5. HP: 32/33 MP: 5/5
  3696 | D:3      | Reached skill level 6 in Crossbows
  4026 | D:4      | Noticed an ogre
  4245 | D:4      | Noticed Sigmund
  4387 | D:4      | Reached XP level 6. HP: 32/38 MP: 6/6
  4412 | D:4      | Reached skill level 7 in Crossbows
  4735 | D:4      | Killed an ogre
  4926 | D:4      | Noticed a black bear
  5183 | D:4      | Gained mutation: You have a beak for a mouth. [potion of
                  | mutation]
  5185 | D:4      | Killed a black bear
  5186 | D:4      | Reached skill level 8 in Crossbows
  5186 | D:4      | Reached XP level 7. HP: 2/43 MP: 0/7
  5601 | D:5      | Entered Level 5 of the Dungeon
  5603 | D:5      | Noticed Ijyb
  5608 | D:5      | Killed Ijyb
  5661 | D:5      | Found an iron altar of Okawaru.
  5682 | D:5      | Reached skill level 1 in Armour
  5899 | D:5      | Found Pecung's Weapon Shop.
  6404 | D:5      | Reached skill level 5 in Dodging
  6404 | D:5      | Reached XP level 8. HP: 38/48 MP: 6/8
  6537 | D:5      | Reached skill level 1 in Short Blades
  7337 | D:6      | Noticed Duvessa
  7468 | D:6      | Found a staircase to the Ecumenical Temple.
  7473 | Temple   | Entered the Ecumenical Temple
  7483 | Temple   | Became a worshipper of Dithmenos the Shadowed
  7934 | D:6      | Reached skill level 9 in Crossbows
  8149 | D:6      | Noticed Pikel
  8343 | D:6      | Reached skill level 5 in Fighting
  8507 | D:4      | Killed Sigmund
  8508 | D:4      | Reached XP level 9. HP: 35/56 MP: 5/9
  9132 | D:7      | Reached skill level 5 in Short Blades
  9200 | D:6      | HP: 1/57 [killer bee (3)]
  9202 | D:6      | Succumbed to a killer bee's poison

Illustrated notes

Levels and vault maps discovered:
D:1:      dpeg_arrival_arbitrary_a, layout_loops_ring, serial_shops, shop,
          nicolae_shop_crystal, nicolae_lakefront_shop, serial_bayou_pond_a
D:2:      layout_loops_ring, serial_forest, infiniplex_forest_end_3,
          infiniplex_forest_lined_2, infiniplex_forest_lined_corner,
          infiniplex_forest_clump_small, infiniplex_forest_corner_1,
          infiniplex_forest_lined_1, infiniplex_forest_lined_room_3,
          infiniplex_forest_lined_corner, chequers_serial_rivers_micro_b
D:3:      layout_basic
D:4:      layout_gridville, uniq_sigmund
D:5:      layout_basic, okawaru_trees_1, serial_shops, nicolae_square_shop,
          uniq_ijyb
D:6:      layout_cave_pods, temple_doors_e, uniq_pikel, uniq_duvessa
D:7:      layout_cave_pools
Temple:   grunt_wide_crystal_templ

Skill      XL: |  1  2  3  4  5  6  7  8  9 |
---------------+----------------------------+-----
Crossbows      | 5 6 8 9 |  9.0
Dodging        | 3 5 |  5.0
Stealth        | 3 4 |  4.0
Fighting       | 3 4 6 7 |  7.0
Armour         | 2 |  2.5
Short Blades   | 4 5 |  5.1

Action                   |  1- 3 |  4- 6 |  7- 9 || total
-------------------------+-------+-------+-------++-------
Melee: Short sword       |    98 |    52 |   119 ||   269
       Dagger            |       |    30 |    24 ||    54
       Peck              |       |       |    24 ||    24
 Fire: Hand crossbow     |    10 |    66 |    73 ||   149
Throw: Stone             |       |       |     1 ||     1
  Use: Potion            |       |     2 |     9 ||    11
       Scroll            |       |       |     6 ||     6
 Stab: Sleeping          |    11 |     8 |    10 ||    29
       Distracted        |       |     1 |       ||     1
Armor: Leather armour    |    16 |    21 |    38 ||    75
Dodge: Dodged            |    85 |    79 |   123 ||   287
Block: Buckler           |       |    27 |    54 ||    81
